 Dungeon Crawl Stone Soup version 0.17.1-2-g5865329 (webtiles) character file.

269 Arkorax the Ducker (level 6, 0/35 HPs)
             Began as a Spriggan Wanderer on Jan 13, 2016.
             Slain by a slave (10 damage)
             ... led by Pikel
             ... on level 4 of the Dungeon.
             The game lasted 00:04:30 (4342 turns).

Arkorax the Ducker (Spriggan Wanderer)              Turns: 4342, Time: 00:04:30

Health: 0/35       AC:  3    Str: 11    XL:     6   Next: 1%
Magic:  8/8        EV: 20    Int: 13    God:
Gold:   129        SH:  0    Dex: 15    Spells: 0 memorised, 5 levels left

rFire  . . .     SeeInvis +     a - +2 quarterstaff
rCold  . . .     Clarity  .     c - +1 robe
rNeg   . . .     SustAt   .     (shield currently unavailable)
rPois  .         Gourm    .     (helmet restricted)
rElec  .         Spirit   .     (no cloak)
rCorr  .         Warding  .     (gloves unavailable)
rMut   .         Stasis   .     (boots unavailable)
MR     +....                    (no amulet)
Stlth  ++........               (no ring)
                                (no ring)

@: very quick, somewhat resistant to hostile enchantments, unstealthy
A: unfitting armour, see invisible, herbivore 3, speed 3, slow metabolism 2
a: no special abilities


You were on level 4 of the Dungeon.
You were full.

You visited 1 branch of the dungeon, and saw 4 of its levels.

You collected 129 gold pieces.

Inventory:

Hand Weapons
 a - a +2 quarterstaff (weapon)
Armour
 c - a +1 robe (worn)
Jewellery
 t - an uncursed ring of teleportation
Scrolls
 b - 3 scrolls of teleportation
 e - 5 scrolls of identify
 f - a scroll of noise
 g - 2 scrolls of enchant armour
 j - a scroll of random uselessness
 k - a scroll of recharging {unknown}
 r - a scroll of remove curse
Potions
 h - a potion of mutation {unknown}
 i - a potion of cancellation {unknown}
 l - a potion of might {unknown}
 n - a potion of heal wounds {unknown}
 o - 2 potions of degeneration {unknown}
 p - a potion of beneficial mutation {unknown}
 q - 2 potions of curing
 s - a potion of lignification {unknown}
Comestibles
 d - a bread ration


   Skills:
 + Level 5.0 Fighting
 + Level 2.8 Staves
 + Level 5.5 Dodging
 - Level 1.5 Stealth
 - Level 1.3 Evocations


You had 5 spell levels left.
You didn't know any spells.

Dungeon Overview and Level Annotations

Branches:
Dungeon (4/15)
 Temple: D:4-7

Altars:
Elyvilon

Annotations:
D:4 Pikel


Innate Abilities, Weirdness & Mutations

You are tiny and cannot use many weapons and most armour.
You have supernaturally acute eyesight.
You are a herbivore.
You cover ground extremely quickly.
You need consume almost no food.


Message History

You feel agile. The worker ant closely misses you.
The orc wizard mumbles some strange words.
The orc wizard seems to speed up.
You see here an orc corpse.
A giant cockroach comes into view.
Pikel shouts!
The slave shouts!
The slave shouts!
The orc wizard points at you and mumbles some strange words.
The magic dart hits you!
* * * LOW HITPOINT WARNING * * *
The slave shouts!
Pikel hits you but does no damage.
The orc wizard gestures wildly while chanting.
The orc wizard blinks!
The orc wizard gestures wildly while chanting.
The orc wizard blinks!
Pikel misses you. The slave barely misses you. The slave hits you!
You die...

(..)......#.#≈≈...≈≈#....###..#.#
............###...####...#....#.#
.##..†...[..#.#..........#.#..#.#
..........o.#.#.#........#.#.##.#
###.........#.#'#........#......#
#####...o.a.....[.##...#.#.####
#...§..............###.####
#.......K.....##.#.#.......
#.......po@......#.#.#.####
##.§....spp.<...##.#.#..#
#.(............# ##.##.#
#..............# #.##.#
#.#..........### #.##.#
.......'.###.......)######.##.#
.......'. #............##.##.#
.......#####............##.##.#
.......#...............)##....#


You could see Pikel, 3 slaves, a worker ant, an orc wizard, 2 orcs and a giant
cockroach.

Vanquished Creatures
  A slave (D:4)
  A scorpion (D:4)
  An orc wizard (D:3)
  An orc priest (D:4)
  A worker ant (D:4)
  4 adders
  An ooze (D:3)
  3 worms (D:2)
  5 giant geckos
  7 orcs
  11 bats
  4 giant cockroaches
  8 goblins
  10 hobgoblins
  5 jackals (D:2)
  3 quokkas
  A ball python (D:1)
  6 giant newts
  4 kobolds
  A quokka skeleton (D:4)
  7 rats
85 creatures vanquished.

Notes
Turn   | Place    | Note
--------------------------------------------------------------
     0 | D:1      | Arkorax the Spriggan Wanderer began the quest for the Orb.
     0 | D:1      | Arkorax set off with: a +2 quarterstaff, 2 scrolls of teleportation, a +0 robe, a bread ration
     0 | D:1      | Reached XP level 1. HP: 13/13 MP: 3/3
   283 | D:1      | Reached XP level 2. HP: 17/17 MP: 4/4
   942 | D:2      | Reached XP level 3. HP: 9/21 MP: 5/5
  2015 | D:3      | Reached XP level 4. HP: 22/26 MP: 6/6
  2979 | D:3      | Reached XP level 5. HP: 28/30 MP: 7/7
  3357 | D:4      | Found a white marble altar of Elyvilon.
  3676 | D:4      | Noticed a slave
  3677 | D:4      | Noticed Pikel
  3677 | D:4      | Noticed a slave
  3678 | D:4      | Noticed a slave
  3678 | D:4      | Noticed a slave
  3703 | D:4      | Killed a slave
  3916 | D:4      | Reached skill level 5 in Dodging
  4330 | D:4      | Reached skill level 5 in Fighting
  4330 | D:4      | Reached XP level 6. HP: 12/35 MP: 8/8
  4342 | D:4      | Slain by a slave

Action                   |  1- 3 |  4- 6 || total
-------------------------+-------+-------++-------
Melee: Quarterstaff      |   117 |   102 ||   219
  Use: Scroll            |       |     8 ||     8
 Stab: Sleeping          |     6 |     1 ||     7
  Eat: Bread ration      |       |     1 ||     1
